 Dungeon Crawl Stone Soup version 0.29.1-13-g9f3cf754e1 (webtiles) character file.

Game seed: 3568119867042142793

23 shadowmeld the Insei (level 3, -7/27 HPs)
             Began as a Djinni Transmuter on Jan 29, 2023.
             Mangled by a kobold
             ... wielding a +2 short sword of electrocution
              (16 damage)
             ... on level 1 of the Dungeon.
             The game lasted 00:04:28 (1739 turns).

shadowmeld the Insei (Djinni Transmuter)            Turns: 1739, Time: 00:04:29

Health: -7/27      AC:  9    Str:  9    XL:     3   Next: 10%
Gold:   56         EV:  4    Int: 16    God:
                   SH:  0    Dex: 13

rFire   + + .      SeeInvis .     - Unarmed
rCold   x . .      Faith    .   (no shield)
rNeg    . . .      Spirit   .   d - +0 chain mail
rPois   ∞          Reflect  .   (no helmet)
rElec   .          Harm     .   j - +0 cloak
rCorr   .          Rampage  .   (no gloves)
Will    .....                   (boots unavailable)
Stlth   ..........              (no amulet)
HPRegen 0.09/turn               (no ring)
MPRegen 0.00/turn               (no ring)

@: flying
A: sickness immunity, fire resistance 2, cold vulnerability 1, float, innate
caster, HP casting, extra vitality 1
a: no special abilities


You were on level 1 of the Dungeon.
You visited 1 branch of the dungeon, and saw 1 of its levels.

You collected 56 gold pieces.

Inventory:

Missiles
 k - a throwing net
Armour
 d - a +0 chain mail (worn)
 f - a scarf of invisibility
 j - a +0 cloak (worn)
Scrolls
 a - 3 scrolls of identify {unknown}
 e - a scroll of butterflies {unknown}
 g - a scroll of brand weapon {unknown}
 i - a scroll of vulnerability {unknown}
Potions
 b - a potion of lignification
 c - a potion of haste {unknown}
 h - a potion of might {unknown}


   Skills:
 + Level 1.2 Fighting
 + Level 0.7 Armour
 + Level 2.1 Dodging
 + Level 3.5 Unarmed Combat
 + Level 1.8 Spellcasting


You couldn't memorise any spells.
You knew the following spells:

 Your Spells              Type           Power      Damage    Failure   Level
a - Beastly Appendage     Tmut           14%        N/A       100%        1
b - Wereblood             Tmut           7%         N/A       100%        2
c - Spider Form           Tmut/Pois      7%         N/A       100%        3
d - Ice Form              Ice/Tmut       7%         N/A       100%        4
e - Apportation           Tloc           14%        N/A       100%        1
Your spell library was empty.


Dungeon Overview and Level Annotations

Branches:
Dungeon (1/15)

Altars:


Innate Abilities, Weirdness & Mutations

You are immune to sickness and miasma.
You are immune to poison.
Your flesh is very heat resistant. (rF++)
You are vulnerable to cold. (rC-)
You float through the air rather than walking.
You learn spells naturally, not from books.
Your magical power is your life essence.
You have superior vitality. (+4 MHP)


Message History

The giant cockroach is severely wounded.
The giant cockroach bites you but does no damage. x2
You hit the giant cockroach.
You kill the giant cockroach!
There is an open door here.
You reach down and open the door.
There is an open door here.
A hobgoblin comes into view.
The hobgoblin shouts!
The hobgoblin hits you but does no damage.
You hit the hobgoblin.
The hobgoblin is heavily wounded.
The hobgoblin hits you but does no damage.
You closely miss the hobgoblin.
The hobgoblin is heavily wounded.
The hobgoblin hits you but does no damage.
You barely miss the hobgoblin.
The hobgoblin is heavily wounded.
The hobgoblin hits you.
You hit the hobgoblin.
You kill the hobgoblin!
You see here a hobgoblin corpse.
There is an open door here.
There is an open door here.
A kobold comes into view.
It is wielding a +2 short sword of electrocution.
The kobold shouts!
You closely miss the kobold.
The kobold hits you with a +2 short sword of electrocution.
You barely miss the kobold. The kobold hits you but does no damage.
You closely miss the kobold. The kobold hits you but does no damage.
You barely miss the kobold. The kobold hits you but does no damage.
You hit the kobold but do no damage.
The kobold hits you with a +2 short sword of electrocution.
You are electrocuted!
* * * LOW HITPOINT WARNING * * *
You completely miss the kobold. The kobold barely misses you.
You completely miss the kobold. The kobold hits you but does no damage.
You are electrocuted!
Ouch! That really hurt!
You die...

............###...###...# #......
..........#.............###...###
..........#.......#.....'.....'.#
.........†#.#####.#.....###.).#.#
..........#.#........##...#...#.#
..........#.#.###.#####.###...#.#
#.........#.#.....# #.##....#.#
#####..####.####### #.##....#.#
#..# #.#..K@.# #.##.#..#.# #..#
#.#.###.#####.##.#..#.# #..# #.#
#.......##.#..#.# #..#
##########.#..#.# #..# ##.####.#
#..# #.......# #... #########


You could see a kobold.

Vanquished Creatures
  2 endoplasms (D:1)
  3 giant cockroaches (D:1)
  3 goblins (D:1)
  2 hobgoblins (D:1)
  A kobold (D:1)
  2 quokkas (D:1)
  2 ball pythons (D:1)
  3 bats (D:1)
  A frilled lizard (D:1)
  A rat (D:1)
20 creatures vanquished.

Notes
Turn   | Place    | Note
-------+----------+-------------------------------------------
     0 | D:1      | shadowmeld the Djinni Transmuter began the quest for the
                  | Orb.
     0 | D:1      | shadowmeld set off with the following spells memorised:
                  | Beastly Appendage, Wereblood, Spider Form, Ice Form.
     0 | D:1      | Reached XP level 1. HP: 17/17 MP: 0/0
   602 | D:1      | Reached XP level 2. HP: 19/22 MP: 0/0
  1036 | D:1      | Found a faded altar of an unknown god.
  1038 | D:1      | Noticed a great orb of eyes
  1085 | D:1      | Noticed a golden eye
  1088 | D:1      | Noticed an eye of devastation
  1088 | D:1      | Noticed an eye of devastation
  1528 | D:1      | Reached XP level 3. HP: 27/27 MP: 0/0
  1528 | D:1      | Learned a level 1 spell: Apportation
  1739 | D:1      | Mangled by a kobold

Illustrated notes

Levels and vault maps discovered:
D:1:      grunt_arrival_crossed_arrows, layout_basic,
          hellmonk_ecumenical_altar_watching_god

Action                   || total
-------------------------++-------
Melee: Unarmed           ||    90
       Punch             ||     1
Armor: Chain mail        ||    65
       Robe              ||     2
Dodge: Dodged            ||    32
